TOP OF THE 1ST |
Spokane Indians batting - Pitching for Mahoning Valley Scrappers : RHP Eduardo Garcia
|
Pitching: RHP Eduardo Garcia
|
|
Batting: RHB Rodolfo Contreras
|
0-0: Called Strike 0-1: Fly out, F8 (Line Drive, 8RM, EV 89.4 MPH)
|
Batting: LHB Ben Radach
|
0-0: Ball 1-0: Foul Ball, location: 2F 1-1: Foul Ball, location: 2F 1-2: Ball 2-2: Foul Ball, location: 2F 2-2: SINGLE (Line Drive, 56, EV 98.1 MPH)
|
Batting: RHB Dennis Daniels
|
0-0: Ball 1-0: Fielders Choice at 2nd, 4-6 (Groundball, 4, EV 90.0 MPH)
|
Batting: RHB Andy Sheridan
|
0-0: Called Strike Dennis Daniels steals 2nd base 0-1: 2-RUN HOME RUN (Flyball, 7D, EV 94.4 MPH), Distance : 372 ft
|
Batting: RHB Gavin Fimple
|
0-0: Foul Ball, location: 2F 0-1: Swinging Strike 0-2: Ball 1-2: Reaches on Catchers interference
|
Batting: RHB Theo van Gent
|
0-0: Called Strike 0-1: Ball Gavin Fimple steals 2nd base 1-1: Foul Ball, location: 2F 1-2: Ball 2-2: TRIPLE (Flyball, 78XD, EV 110.6 MPH) Gavin Fimple scores
|
Batting: RHB Zi-jing Wang
|
0-0: Foul Ball, location: 2F 0-1: Ball 1-1: Foul Ball, location: 2F 1-2: Ball 2-2: Ground out 4-3 (Groundball, 4, EV 105.6 MPH)
|
Top of the 1st over - 3 runs, 3 hits, 1 error, 1 left on base; Spokane 3 - Mahoning Valley 0 |
BOTTOM OF THE 1ST |
Mahoning Valley Scrappers batting - Pitching for Spokane Indians : RHP Alexander Neustroev
|
Pitching: RHP Alexander Neustroev
|
|
Batting: LHB John Harring
|
0-0: Foul Ball, location: 2F 0-1: Ball 1-1: Called Strike 1-2: Foul Ball, location: 2F 1-2: Ball 2-2: Strikes out swinging
|
Batting: RHB Juan Padilla
|
0-0: Ball 1-0: Called Strike 1-1: Ground out 3-1 (Groundball, 34S, EV 83.1 MPH)
|
Batting: RHB Ryan Gautney
|
0-0: Fly out, F8 (Line Drive, 8RD, EV 104.4 MPH)
|
Bottom of the 1st over - 0 runs, 0 hits, 0 errors, 0 left on base; Spokane 3 - Mahoning Valley 0 |
TOP OF THE 2ND |
Spokane Indians batting - Pitching for Mahoning Valley Scrappers : RHP Eduardo Garcia
|
Batting: RHB Mike Meeker
|
0-0: Called Strike 0-1: Ball 1-1: Ball 2-1: Ball 3-1: Swinging Strike 3-2: Base on Balls
|
Batting: RHB Jose Sisneros
|
0-0: Ball Mike Meeker steals 2nd base 1-0: Swinging Strike 1-1: Ball 2-1: Ball Wild Pitch! Mike Meeker to third 3-1: Fly out, F8 (Flyball, 8LS, EV 86.9 MPH)
|
Batting: RHB Rodolfo Contreras
|
0-0: 2-RUN HOME RUN (Line Drive, 7LD, EV 96.2 MPH), Distance : 345 ft
|
Batting: LHB Ben Radach
|
0-0: Ball 1-0: Ball 2-0: Ball 3-0: Called Strike 3-1: SINGLE (Groundball, 5D, EV 108.8 MPH)
|
Batting: RHB Dennis Daniels
|
0-0: Called Strike 0-1: Called Strike 0-2: Foul Ball, location: 2F 0-2: Ball 1-2: Ball 2-2: SINGLE (Line Drive, 8RS, EV 100.6 MPH) Ben Radach to second
|
Pitching: RHP Jeff Degel
|
|
Batting: RHB Andy Sheridan
|
0-0: Ball 1-0: Ball 2-0: Swinging Strike Balk! Ben Radach to third Dennis Daniels to second 2-1: Foul Ball, location: 2F 2-2: Strikes out swinging
|
Batting: RHB Gavin Fimple
|
0-0: Called Strike 0-1: Ball 1-1: Foul Ball, location: 2F 1-2: Strikes out looking
|
Top of the 2nd over - 2 runs, 3 hits, 0 errors, 2 left on base; Spokane 5 - Mahoning Valley 0 |
BOTTOM OF THE 2ND |
Mahoning Valley Scrappers batting - Pitching for Spokane Indians : RHP Alexander Neustroev
|
Batting: SHB Joe Zeiset
|
0-0: Ball 1-0: Called Strike 1-1: Reached via error on a dropped throw from 1B, E1 (Groundball, 34S, EV 92.5 MPH)
|
Batting: LHB Devon Grant
|
0-0: Ball Joe Zeiset steals 2nd base 1-0: Fly out, F7 (Flyball, 78D, EV 93.1 MPH)
|
Batting: RHB Andy Lewis
|
0-0: Ground out 4-3 (Groundball, 4, EV 85.6 MPH) Joe Zeiset to third
|
Batting: RHB Jeremy Givens
|
0-0: Foul Ball, location: 2F 0-1: Hit by Pitch
|
Batting: RHB Gashie Chimsima
|
0-0: Foul Ball, location: 2F 0-1: Fielders Choice at 2nd, 6-4 (Groundball, 6, EV 89.4 MPH)
|
Bottom of the 2nd over - 0 runs, 0 hits, 1 error, 2 left on base; Spokane 5 - Mahoning Valley 0 |
TOP OF THE 3RD |
Spokane Indians batting - Pitching for Mahoning Valley Scrappers : RHP Jeff Degel
|
Batting: RHB Theo van Gent
|
0-0: Called Strike 0-1: Swinging Strike 0-2: Ball 1-2: Strikes out swinging
|
Batting: RHB Zi-jing Wang
|
0-0: Ball 1-0: Ground out 5-3 (Groundball, 5, EV 109.4 MPH)
|
Batting: RHB Mike Meeker
|
0-0: Ball 1-0: Ball 2-0: SINGLE (Groundball, 6M, EV 106.2 MPH) (infield hit)
|
Batting: RHB Jose Sisneros
|
0-0: Ball 1-0: Ball 2-0: Called Strike Mike Meeker steals 2nd base 2-1: Called Strike 2-2: Ground out U3 (Groundball, 3S, EV 83.1 MPH)
|
Top of the 3rd over - 0 runs, 1 hit, 0 errors, 1 left on base; Spokane 5 - Mahoning Valley 0 |
BOTTOM OF THE 3RD |
Mahoning Valley Scrappers batting - Pitching for Spokane Indians : RHP Alexander Neustroev
|
Batting: LHB Tom Bemis
|
0-0: Called Strike 0-1: Ball 1-1: Ball 2-1: Foul Ball, location: 2F 2-2: Strikes out looking
|
Batting: LHB John Harring
|
0-0: Swinging Strike 0-1: Ball 1-1: Ball 2-1: Fly out, F9 (Flyball, 9, EV 86.2 MPH)
|
Batting: RHB Juan Padilla
|
0-0: Ball 1-0: Called Strike 1-1: Ball 2-1: Ball 3-1: Foul Ball, location: 2F 3-2: Fly out, F8 (Line Drive, 8RD, EV 91.9 MPH)
|
Bottom of the 3rd over - 0 runs, 0 hits, 0 errors, 0 left on base; Spokane 5 - Mahoning Valley 0 |
TOP OF THE 4TH |
Spokane Indians batting - Pitching for Mahoning Valley Scrappers : RHP Jeff Degel
|
Batting: RHB Rodolfo Contreras
|
0-0: Ground out 5-3 (Groundball, 56S, EV 76.2 MPH)
|
Batting: LHB Ben Radach
|
0-0: Ball 1-0: Foul Ball, location: 2F 1-1: Called Strike 1-2: Foul Ball, location: 2F 1-2: Ball 2-2: Ball 3-2: Base on Balls
|
Batting: RHB Dennis Daniels
|
0-0: Foul Ball, location: 2F 0-1: Swinging Strike 0-2: Foul Ball, location: 2F 0-2: Ball 1-2: Fielders Choice at 2nd, 6-4 (Groundball, 6M, EV 85.0 MPH)
|
Batting: RHB Andy Sheridan
|
0-0: Ball 1-0: Called Strike Dennis Daniels is caught stealing 2nd base 2-4
|
Top of the 4th over - 0 runs, 0 hits, 0 errors, 0 left on base; Spokane 5 - Mahoning Valley 0 |
BOTTOM OF THE 4TH |
Mahoning Valley Scrappers batting - Pitching for Spokane Indians : RHP Alexander Neustroev
|
Batting: RHB Ryan Gautney
|
0-0: Ball 1-0: Foul Ball, location: 2F 1-1: Fly out, F4 (Line Drive, 4, EV 65.0 MPH)
|
Batting: SHB Joe Zeiset
|
0-0: Foul Ball, location: 2F 0-1: Foul Ball, location: 2F 0-2: Strikes out swinging
|
Batting: LHB Devon Grant
|
0-0: Ball 1-0: Called Strike 1-1: Called Strike 1-2: Ball 2-2: Strikes out swinging
|
Bottom of the 4th over - 0 runs, 0 hits, 0 errors, 0 left on base; Spokane 5 - Mahoning Valley 0 |
TOP OF THE 5TH |
Spokane Indians batting - Pitching for Mahoning Valley Scrappers : RHP Jeff Degel
|
Batting: RHB Andy Sheridan
|
0-0: Ball 1-0: Foul Ball, location: 2F 1-1: Ball 2-1: Ball 3-1: Called Strike 3-2: SINGLE (Groundball, 4MD, EV 101.9 MPH)
|
Pitching: RHP Victor Amador
|
|
Batting: RHB Gavin Fimple
|
0-0: Called Strike 0-1: Foul Ball, location: 2F 0-2: SINGLE (Line Drive, 8RS, EV 106.9 MPH) Andy Sheridan to second
|
Batting: RHB Theo van Gent
|
0-0: Ball 1-0: Fly out, F8 (Flyball, 8RD, EV 96.9 MPH)
|
Batting: RHB Zi-jing Wang
|
0-0: Ball 1-0: Ball 2-0: Ball 3-0: DOUBLE (Flyball, 89D, EV 106.9 MPH) Andy Sheridan scores Gavin Fimple to third Runner from 3rd tries for Home, SAFE, throw by RF to home
|
Batting: RHB Mike Meeker
|
0-0: Foul Ball, location: 2F 0-1: Ball 1-1: Fly out, F8 (Flyball, 78M, EV 86.9 MPH)
|
Batting: RHB Jose Sisneros
|
0-0: Ball Zi-jing Wang steals 3rd, throwing error, E2 Zi-jing Wang scores 1-0: Ground out 5-3 (Groundball, 56, EV 105.6 MPH)
|
Top of the 5th over - 3 runs, 3 hits, 1 error, 0 left on base; Spokane 8 - Mahoning Valley 0 |
BOTTOM OF THE 5TH |
Mahoning Valley Scrappers batting - Pitching for Spokane Indians : RHP Alexander Neustroev
|
Batting: RHB Andy Lewis
|
0-0: DOUBLE (Groundball, 3L, EV 98.1 MPH)
|
Batting: RHB Jeremy Givens
|
0-0: Called Strike 0-1: Called Strike 0-2: Foul Ball, location: 2F 0-2: Foul Ball, location: 2F 0-2: Fly out, F9 (Flyball, 9D, EV 85.0 MPH) Runner from 2nd tags up, SAFE at 3rd, no throw by RF
|
Batting: RHB Gashie Chimsima
|
0-0: Fly out, F3 (Line Drive, 3, EV 66.9 MPH)
|
Batting: LHB Tom Bemis
|
0-0: Called Strike 0-1: Ground out 4-3 (Groundball, 4, EV 83.1 MPH)
|
Bottom of the 5th over - 0 runs, 1 hit, 0 errors, 1 left on base; Spokane 8 - Mahoning Valley 0 |
TOP OF THE 6TH |
Spokane Indians batting - Pitching for Mahoning Valley Scrappers : RHP Victor Amador
|
Batting: RHB Rodolfo Contreras
|
0-0: Ball 1-0: Foul Ball, location: 2F 1-1: TRIPLE (Flyball, 89XD, EV 110.0 MPH)
|
Batting: LHB Ben Radach
|
0-0: Foul Ball, location: 2F 0-1: Ground out 4-3 (Groundball, 34, EV 86.2 MPH) Rodolfo Contreras scores
|
Batting: RHB Dennis Daniels
|
0-0: Fly out, F6 (Flyball, 56D, EV 76.9 MPH)
|
Batting: RHB Andy Sheridan
|
0-0: Ball 1-0: Ball 2-0: Ball 3-0: Called Strike 3-1: Fly out, F7 (Flyball, 78M, EV 91.9 MPH)
|
Top of the 6th over - 1 run, 1 hit, 0 errors, 0 left on base; Spokane 9 - Mahoning Valley 0 |
BOTTOM OF THE 6TH |
Mahoning Valley Scrappers batting - Pitching for Spokane Indians : RHP Alexander Neustroev
|
Batting: LHB John Harring
|
0-0: Called Strike 0-1: SINGLE (Groundball, 6MD, EV 105.0 MPH)
|
Batting: RHB Juan Padilla
|
0-0: Ball 1-0: Called Strike 1-1: Ball John Harring is caught stealing 2nd base 2-4 2-1: Ball 3-1: Fly out, F8 (Line Drive, 8LM, EV 90.6 MPH)
|
Batting: RHB Ryan Gautney
|
0-0: Called Strike 0-1: Ball 1-1: Ball 2-1: Fly out, F8 (Line Drive, 8RD, EV 87.5 MPH)
|
Bottom of the 6th over - 0 runs, 1 hit, 0 errors, 0 left on base; Spokane 9 - Mahoning Valley 0 |
TOP OF THE 7TH |
Spokane Indians batting - Pitching for Mahoning Valley Scrappers : RHP Victor Amador
|
Batting: RHB Gavin Fimple
|
0-0: Ball 1-0: SINGLE (Groundball, 6MD, EV 102.5 MPH)
|
Pinch Hitting: LHB Silvio Mulder
|
0-0: Ball Wild Pitch! Gavin Fimple to second 1-0: Ball 2-0: Ball 3-0: Called Strike 3-1: Foul Ball, location: 2F 3-2: Base on Balls
|
Batting: RHB Zi-jing Wang
|
0-0: Swinging Strike 0-1: Grounds into double play, 4-6-3 (Groundball, 4M, EV 78.1 MPH) Gavin Fimple to third
|
Pinch Hitting: RHB Dave Brabo
|
0-0: SINGLE (Line Drive, 3D, EV 93.8 MPH) Gavin Fimple scores
|
Pinch Hitting: LHB Akira Yamano
|
0-0: Ball 1-0: Foul Ball, location: 2F 1-1: Called Strike 1-2: Foul Ball, location: 2F 1-2: SINGLE (Groundball, 56D, EV 95.0 MPH) Dave Brabo to second
|
Pinch Hitting: RHB Barry Brents
|
0-0: Ball 1-0: Ball 2-0: Ball 3-0: Base on Balls Dave Brabo to third Akira Yamano to second
|
Batting: LHB Ben Radach
|
0-0: Called Strike 0-1: Foul Ball, location: 2F 0-2: Ball 1-2: Ball 2-2: Ball 3-2: Foul Ball, location: 2F 3-2: Base on Balls Dave Brabo scores Akira Yamano to third Barry Brents to second
|
Pinch Hitting: RHB Frank Cano
|
0-0: Ball 1-0: Ball 2-0: Ball 3-0: Base on Balls Akira Yamano scores Barry Brents to third Ben Radach to second
|
Pitching: LHP J.J. Adkins
|
|
Batting: RHB Andy Sheridan
|
0-0: Foul Ball, location: 2F 0-1: Called Strike Passed Ball! Barry Brents scores Ben Radach to third Frank Cano to second 0-2: 3-RUN HOME RUN (Line Drive, 78XD, EV 106.2 MPH), Distance : 415 ft
|
Batting: RHB Gavin Fimple
|
0-0: Ball 1-0: Ball 2-0: Foul Ball, location: 2F 2-1: Foul Ball, location: 2F 2-2: Strikes out swinging
|
Top of the 7th over - 7 runs, 4 hits, 0 errors, 0 left on base; Spokane 16 - Mahoning Valley 0 |
BOTTOM OF THE 7TH |
Mahoning Valley Scrappers batting - Pitching for Spokane Indians : RHP Alexander Neustroev
|
Now at 1B: Roger Renteria
|
|
Now at 2B: Frank Cano
|
|
Now at 3B: Dave Brabo
|
|
Now at SS: Akira Yamano
|
|
Now in CF: Silvio Mulder
|
|
Now in RF: Barry Brents
|
|
Batting: SHB Joe Zeiset
|
0-0: Fly out, F7 (Flyball, 78XD, EV 100.0 MPH)
|
Batting: LHB Devon Grant
|
0-0: DOUBLE (Groundball, 3L, EV 107.5 MPH)
|
Batting: RHB Andy Lewis
|
0-0: Foul Ball, location: 2F 0-1: Foul Ball, location: 2F 0-2: Ball 1-2: Ball 2-2: Foul Ball, location: 2F 2-2: Ball 3-2: Foul Ball, location: 2F 3-2: Strikes out swinging
|
Batting: RHB Jeremy Givens
|
0-0: Ground out 6-3 (Groundball, 6MD, EV 108.8 MPH)
|
Bottom of the 7th over - 0 runs, 1 hit, 0 errors, 1 left on base; Spokane 16 - Mahoning Valley 0 |
TOP OF THE 8TH |
Spokane Indians batting - Pitching for Mahoning Valley Scrappers : LHP J.J. Adkins
|
Pinch Hitting: RHB Tyler Farver
|
0-0: Called Strike 0-1: Ball 1-1: Called Strike 1-2: Ball 2-2: Strikes out swinging
|
Batting: RHB Zi-jing Wang
|
0-0: Ball 1-0: Fly out, F4 (Flyball, 4MD, EV 89.4 MPH)
|
Batting: RHB Dave Brabo
|
0-0: Ball 1-0: Hit by Pitch
|
Pinch Hitting: RHB Roberto Contreras
|
0-0: Ball 1-0: Ball 2-0: Called Strike 2-1: Ball 3-1: Base on Balls Dave Brabo to second
|
Pitching: LHP Victor Garcia
|
|
Pinch Hitting: RHB Dongdo-pa Mai
|
0-0: Foul Ball, location: 2F 0-1: Ball 1-1: Called Strike 1-2: SINGLE (Line Drive, 89S, EV 105.6 MPH) Dave Brabo to third Roberto Contreras to second
|
Batting: RHB Roger Renteria
|
0-0: Foul Ball, location: 2F 0-1: Called Strike 0-2: Foul Ball, location: 2F 0-2: Strikes out looking
|
Top of the 8th over - 0 runs, 1 hit, 0 errors, 3 left on base; Spokane 16 - Mahoning Valley 0 |
BOTTOM OF THE 8TH |
Mahoning Valley Scrappers batting - Pitching for Spokane Indians : RHP Alexander Neustroev
|
Now at 3B: Roberto Contreras
|
|
Now at SS: Dave Brabo
|
|
Now in CF: Dongdo-pa Mai
|
|
Now in RF: Zion Carr
|
|
Batting: RHB Gashie Chimsima
|
0-0: Ball 1-0: Ball 2-0: Foul Ball, location: 2F 2-1: Called Strike 2-2: Ball 3-2: Foul Ball, location: 2F 3-2: Strikes out swinging
|
Batting: LHB Tom Bemis
|
0-0: Foul Ball, location: 2F 0-1: Foul Ball, location: 2F 0-2: Fly out, F9 (Flyball, 89M, EV 73.8 MPH)
|
Batting: LHB John Harring
|
0-0: Ball 1-0: Ball 2-0: Ground out 6-3 (Groundball, 6, EV 86.2 MPH)
|
Bottom of the 8th over - 0 runs, 0 hits, 0 errors, 0 left on base; Spokane 16 - Mahoning Valley 0 |
TOP OF THE 9TH |
Spokane Indians batting - Pitching for Mahoning Valley Scrappers : LHP Victor Garcia
|
Pitching: RHP Chris DeVall
|
|
Pinch Hitting: RHB Alex Silva
|
0-0: Foul Ball, location: 2F 0-1: Ball 1-1: Ball 2-1: Swinging Strike 2-2: Foul Ball, location: 2F 2-2: Ball 3-2: Base on Balls
|
Batting: RHB Andy Sheridan
|
0-0: Fielders Choice at 2nd, 6-4 (Groundball, 6, EV 81.9 MPH)
|
Pinch Hitting: LHB Guo-ning Ren
|
0-0: Called Strike 0-1: Foul Ball, location: 2F 0-2: Strikes out looking
|
Batting: RHB Zion Carr
|
0-0: Called Strike 0-1: Ball 1-1: Swinging Strike 1-2: Ball 2-2: Strikes out swinging
|
Top of the 9th over - 0 runs, 0 hits, 0 errors, 1 left on base; Spokane 16 - Mahoning Valley 0 |
BOTTOM OF THE 9TH |
Mahoning Valley Scrappers batting - Pitching for Spokane Indians : RHP Alexander Neustroev
|
Now at C: Guo-ning Ren
|
|
Now at 2B: Alex Silva
|
|
Batting: RHB Juan Padilla
|
0-0: Ball 1-0: Called Strike 1-1: Ball 2-1: Ground out 5-3 (Groundball, 56S, EV 90.6 MPH)
|
Batting: RHB Ryan Gautney
|
0-0: Ball 1-0: Swinging Strike 1-1: SINGLE (Line Drive, 89S, EV 93.8 MPH)
|
Batting: SHB Joe Zeiset
|
0-0: Called Strike 0-1: Ball 1-1: DOUBLE (Groundball, 5L, EV 107.5 MPH) Ryan Gautney to third
|
Batting: LHB Devon Grant
|
0-0: Called Strike 0-1: Foul Ball, location: 2F 0-2: Foul Ball, location: 2F 0-2: Strikes out swinging
|
Pitching: LHP Tim McConnel
|
|
Batting: RHB Andy Lewis
|
0-0: Ball 1-0: Ball 2-0: Foul Ball, location: 2F 2-1: Ball 3-1: Swinging Strike 3-2: Strikes out looking
|
Bottom of the 9th over - 0 runs, 2 hits, 0 errors, 2 left on base; Spokane 16 - Mahoning Valley 0 |
|